 Dungeon Crawl Stone Soup version 0.19.5 (webtiles) character file.

3558 JeffiDaFish the Basher (level 10, 0/63 HPs)
             Began as a Gargoyle Fighter on Aug 17, 2017.
             Was a Follower of Okawaru.
             Killed from afar by Erica (23 damage)
             ... with an orb of energy
             ... on level 8 of the Dungeon.
             The game lasted 00:22:57 (7689 turns).

JeffiDaFish the Basher (Gargoyle Fighter)           Turns: 7689, Time: 00:22:58

Health: 0/63       AC: 23    Str: 20    XL:     10   Next: 9%
Magic:  10/10      EV:  5    Int:  9    God:    Okawaru [*.....]
Gold:   460        SH: 11    Dex: 12    Spells: 0 memorised, 9 levels left

rFire  . . .     SeeInvis .     a - +0 flail
rCold  . . .     Gourm    .     w - +0 plate armour
rNeg   + . .     Faith    .     c - +0 shield
rPois  ∞         Spirit   .     k - +0 helmet
rElec  +         Reflect  .     r - +1 cloak
rCorr  .         Harm     .     (no gloves)
MR     .....                    (no boots)
Stlth  ..........               (no amulet)
                                (no ring)
                                (no ring)

@: slowed, very slow
A: negative energy resistance 1, electricity resistance, unbreathing,
petrification resistance, rot immunity, AC +7
a: Heroism, Renounce Religion


You were on level 8 of the Dungeon.
You worshipped Okawaru.
Okawaru was aware of your devotion.
You were hungry.

You visited 1 branch of the dungeon, and saw 8 of its levels.
You also visited: Ossuary.

You collected 460 gold pieces.

Inventory:

Hand Weapons
 a - a +0 flail (weapon)
Armour
 c - a +0 shield (worn)
 k - a +0 helmet (worn)
 r - a +1 cloak (worn)
 w - a +0 plate armour (worn)
Wands
 b - a wand of teleportation (1/9)
 u - a wand of iceblast (8/15)
Scrolls
 l - 6 scrolls of remove curse
 o - 7 scrolls of identify
 p - a scroll of teleportation
 t - a scroll of magic mapping
Potions
 e - 2 potions of heal wounds
 g - 3 potions of flight
 h - a potion of resistance
 j - a potion of berserk rage
 m - 3 potions of curing
 q - a potion of mutation
 s - a potion of agility
Comestibles
 d - 3 chunks of flesh
 f - 5 bread rations
 i - 2 meat rations
 v - 7 fruits


   Skills:
 + Level 7.1 Fighting
 + Level 9.8 Maces & Flails
 + Level 6.6 Armour
 + Level 2.2 Dodging
 + Level 0.5 Stealth
 + Level 7.4 Shields


You had 9 spell levels left.
You didn't know any spells.

Dungeon Overview and Level Annotations

Branches:
Dungeon (8/15)             Temple (0/1) D:7
   Lair: D:8-11

Altars:
Ashenzari
Fedhas
Gozag
Makhleb
Okawaru
Ru
Trog
Vehumet
Xom
Yredelemnul
Zin

Annotations:
D:8 Erica


Innate Abilities, Weirdness & Mutations

You are resistant to torment.
Your stone body is resilient. (AC +7)
You are immune to poison.
You resist negative energy. (rN+)
You are resistant to electric shocks. (rElec)
You can survive without breathing.
You are immune to petrification.
You are immune to rotting.


Message History

The orb of energy hits you!
The orb of energy explodes!
Your shield prevents you from hitting something.
You are feeling hungry.
You hear some strange, mumbled words.
A bolt of poison appears from out of thin air!
The bolt of poison hits you! You resist.
You miss something. Something hits you but does no damage.
You miss something. Something hits you but does no damage.
Your shield and plate armour prevent you from hitting something.
Something hits you but does no damage. Something hits you. Something burns you.
You closely miss something. Something hits you but does no damage.
You miss something. Something hits you but does no damage.
You sock something!
You hear some strange, mumbled words.
You feel as though you will be slow longer.
You miss something. Something hits you but does no damage.
You hear some strange, mumbled words.
An orb of energy appears from out of thin air!
The orb of energy hits you!
You die...

#.#.....### ####
##.###### #<##
#..# ##.# ###
#.####....
#%........
##.........
#@{........
.................
###..............
####...........
####.####### ###


There were no monsters in sight!

Vanquished Creatures
  The ghost of michaelg83 the Cleaver, a novice HOFi of Makhleb (D:6)
  Sigmund (D:5)
  A hungry ghost (D:7)
  A water moccasin (D:7)
  3 orc warriors
  2 ice beasts
  A black bear (D:7)
  2 ogres
  A phantom (D:6)
  2 centaurs
  An elf zombie (D:4)
  2 bullfrogs (D:6)
  A gnoll sergeant (D:7)
  An elf skeleton (D:4)
  2 water moccasin zombies
  3 crimson imps
  3 human zombies (D:4)
  A centaur zombie (D:5)
  A bullfrog zombie (D:7)
  2 hounds
  A jelly (D:7)
  5 orc priests
  6 orc wizards
  A human skeleton (D:4)
  An iguana (D:8)
  6 worker ants
  2 mummies (Ossuary)
  8 adders
  2 shadow imps
  2 oozes
  An adder skeleton (D:7)
  6 adder zombies
  4 worms
  3 dart slugs
  8 leopard geckos
  27 orcs
  2 ball pythons
  8 giant cockroaches
  5 hobgoblins
  12 jackals
  5 quokkas
  8 bats
  3 frilled lizards
  8 gnoll zombies (Ossuary)
  10 goblins
  4 hobgoblin zombies (Ossuary)
  8 kobolds
  7 kobold zombies (Ossuary)
  5 orc zombies (Ossuary)
  7 rats
207 creatures vanquished.

Notes
Turn   | Place    | Note
-------+----------+-------------------------------------------
     0 | D:1      | JeffiDaFish the Gargoyle Fighter began the quest for the Orb.
     0 | D:1      | Reached XP level 1. HP: 14/14 MP: 1/1
   228 | D:1      | Reached XP level 2. HP: 14/19 MP: 2/2
   697 | D:1      | Reached XP level 3. HP: 23/23 MP: 3/3
  1141 | D:2      | Reached XP level 4. HP: 28/28 MP: 4/4
  1251 | D:2      | Reached skill level 3 in Maces & Flails
  1409 | D:2      | Found a sacrificial altar of Ru.
  1708 | D:3      | Reached skill level 1 in Dodging
  1853 | D:3      | Reached XP level 5. HP: 30/32 MP: 5/5
  2528 | D:4      | Reached skill level 4 in Maces & Flails
  2528 | D:4      | Reached XP level 6. HP: 30/38 MP: 6/6
  2531 | D:4      | Found a shattered altar of Ashenzari.
  2586 | D:4      | Found a sand-covered staircase.
  2735 | Ossuary  | Entered an ossuary
  2980 | Ossuary  | Reached skill level 5 in Maces & Flails
  2980 | Ossuary  | Reached XP level 7. HP: 26/43 MP: 7/7
  3216 | Ossuary  | Gained mutation: You have supernaturally acute eyesight. (SInv) [potion of mutation]
  3216 | Ossuary  | Gained mutation: You occasionally shout uncontrollably at your foes. [potion of mutation]
  3216 | Ossuary  | Gained mutation: Your mind is acute. (Int +2) [potion of mutation]
  3243 | D:4      | Reached skill level 5 in Shields
  3542 | D:4      | Found a radiant altar of Vehumet.
  3588 | D:4      | Reached skill level 6 in Maces & Flails
  3612 | D:4      | Found a burning altar of Makhleb.
  4070 | D:5      | Entered Level 5 of the Dungeon
  4128 | D:5      | Reached XP level 8. HP: 19/48 MP: 8/8
  4386 | D:5      | Found an opulent altar of Gozag.
  4447 | D:5      | Noticed Sigmund
  4460 | D:5      | Killed Sigmund
  4460 | D:5      | Reached skill level 5 in Fighting
  4604 | D:5      | Reached skill level 7 in Maces & Flails
  5008 | D:6      | Found a shimmering altar of Xom.
  5043 | D:6      | Noticed michaelg83's ghost (novice HOFi)
  5046 | D:6      | Reached skill level 5 in Armour
  5064 | D:6      | Killed michaelg83's ghost
  5064 | D:6      | Reached skill level 8 in Maces & Flails
  5064 | D:6      | Reached XP level 9. HP: 29/55 MP: 9/9
  5226 | D:6      | Lost mutation: You have supernaturally acute eyesight. (SInv) [potion of cure mutation]
  5226 | D:6      | Lost mutation: Your mind is acute. (Int +2) [potion of cure mutation]
  5226 | D:6      | Lost mutation: You occasionally shout uncontrollably at your foes. [potion of cure mutation]
  5664 | D:7      | Found a bloodstained altar of Trog.
  5724 | D:7      | Found an iron altar of Okawaru.
  5728 | D:7      | Became a worshipper of Warmaster Okawaru
  5847 | D:7      | Found a blossoming altar of Fedhas.
  5871 | D:7      | Found a staircase to the Ecumenical Temple.
  6013 | D:7      | Reached skill level 9 in Maces & Flails
  6911 | D:7      | Reached * piety under Okawaru
  7137 | D:7      | Reached XP level 10. HP: 63/63 MP: 10/10
  7265 | D:8      | Found a basalt altar of Yredelemnul.
  7590 | D:8      | Found a glowing silver altar of Zin.
  7651 | D:8      | Noticed Erica
  7689 | D:8      | Killed from afar by Erica

Skill      XL: |  1  2  3  4  5  6  7  8  9 |
---------------+----------------------------+-----
Shields        | 4 5 6 7 |  7.4
Maces & Flails | 3 4 5 6 8 9 |  9.8
Dodging        | 1 2 |  2.2
Armour         | 4 5 6 |  6.6
Fighting       | 4 6 7 |  7.1
Stealth        | |  0.5

Action                   |  1- 3 |  4- 6 |  7- 9 | 10-12 || total
-------------------------+-------+-------+-------+-------++-------
Melee: Flail             |   143 |   397 |   513 |   109 ||  1162
  Use: Potion            |     2 |     5 |    10 |       ||    17
       Scroll            |     2 |     2 |     5 |       ||     9
  Eat: Chunk             |     1 |     5 |    13 |       ||    19
       Royal jelly       |       |       |     1 |       ||     1
       Meat ration       |       |       |     2 |       ||     2
Armor: Scale mail        |    76 |    77 |       |       ||   153
       Skin              |     1 |       |       |       ||     1
       Chain mail        |       |   173 |   161 |       ||   334
       Plate armour      |       |       |    98 |    53 ||   151
Dodge: Dodged            |    50 |    96 |   103 |    17 ||   266
Block: Shield            |    77 |   183 |   251 |    49 ||   560
